 Dungeon Crawl Stone Soup version 0.29.1-2-gbd0b4ee654 (webtiles) character file.

Game seed: 15585078085174167107

5 Ivernyr the Vexing (level 1, 0/9 HPs)
             Began as a Spriggan Arcane Marksman on Nov 14, 2022.
             Slain by a bat (1 damage)
             ... on level 1 of the Dungeon.
             The game lasted 00:02:14 (204 turns).

Ivernyr the Vexing (Spriggan Arcane Marksman)        Turns: 204, Time: 00:02:14

Health: 0/9        AC:  2    Str:  6    XL:     1   Next: 66%
Magic:  3/4        EV: 17    Int: 14    God:
Gold:   0          SH:  0    Dex: 15    Spells: 2/3 levels left

rFire   . . .      SeeInvis +   a - +1 sling
rCold   . . .      Faith    .   (no shield)
rNeg    . . .      Spirit   .   c - +0 robe
rPois   .          Reflect  .   (helmet restricted)
rElec   .          Harm     .   (no cloak)
rCorr   .          Rampage  .   (gloves unavailable)
Will    .....                   (boots unavailable)
Stlth   +.........              (no amulet)
HPRegen 0.03/turn               (no ring)
MPRegen 0.09/turn               (no ring)

@: very quick
A: very small, no large weapons, unfitting armour, see invisible, speed 3
a: no special abilities


You were on level 1 of the Dungeon.
You visited 1 branch of the dungeon, and saw 1 of its levels.

Inventory:

Hand Weapons
 a - a +1 sling (weapon)
Armour
 c - a +0 robe (worn)
Scrolls
 b - a scroll of poison
 d - a scroll of identify {unknown}
 e - a scroll of teleportation {unknown}


   Skills:
 - Level 0.7 Fighting
 * Level 2.2 Ranged Weapons
 + Level 2.8 Dodging
 + Level 1.5 Spellcasting
 + Level 3.7 Hexes


You had 2 spell levels left.
You knew the following spells:

 Your Spells              Type           Power      Damage    Failure   Level
a - Slow                  Hex            44%        N/A       5%          1

Your spell library contained the following spells:

 Spells                   Type           Power      Damage    Failure   Level
 Inner Flame              Hex/Fire       6%         N/A       34%         3
 Portal Projectile        Hex/Tloc       12%        N/A       34%         3
 Cause Fear               Hex            5%         N/A       47%         4


Dungeon Overview and Level Annotations

Branches:
Dungeon (1/15)

Altars:


Innate Abilities, Weirdness & Mutations

You are very small and have problems with some larger weapons.
You are too small for most types of armour.
You have supernaturally acute eyesight. (SInv)
You cover ground extremely quickly. (Speed+++)


Message History

Press: ? - help, Q - select action, (/) - cycle Shift-Dir - straight line, f/p - quokka
Aim: a quokka (severely wounded, 46% to hit)
You shoot a sling bullet.
The sling bullet barely misses the quokka.
The bat barely misses you. The bat closely misses you.
The quokka closely misses you. The bat misses you.
The bat attacks as you move away! The bat misses you.
The bat barely misses you. The quokka closely misses you.
The bat closely misses you. The bat attacks as you move away!
The bat misses you. x2
The bat attacks as you move away! The bat closely misses you.
The bat barely misses you.
You see here a rat corpse.
Fire: a) +1 sling
Press: ? - help, Q - select action, (/) - cycle Shift-Dir - straight line, f/p - quokka
Aim: a quokka (severely wounded, 46% to hit)
You shoot a sling bullet. The sling bullet barely misses the bat.
The sling bullet barely misses the quokka.
The bat misses you. The bat hits you but does no damage.
Fire: a) +1 sling
Press: ? - help, Q - select action, (/) - cycle Shift-Dir - straight line, f/p - quokka
Aim: a quokka (severely wounded, 46% to hit)
You shoot a sling bullet. The sling bullet misses the quokka.
The bat barely misses you. The bat completely misses you.
The bat hits you but does no damage. The bat attacks as you move away!
The bat completely misses you. The bat attacks as you move away!
The bat misses you. The bat hits you. The bat misses you.
Fire: a) +1 sling
Press: ? - help, Q - select action, (/) - cycle Shift-Dir - straight line, f/p - quokka
Aim: a quokka (heavily wounded, 46% to hit)
You shoot a sling bullet.
The sling bullet closely misses the quokka.
The bat misses you. The quokka bites you.
* * * LOW HITPOINT WARNING * * *
The bat misses you. The bat attacks as you move away!
The bat barely misses you. The bat hits you.
You die...

#.......'...# #.
####.......##### #.
#............# #.
#............# ##
#............# #
#............# #
#.......†r...# #
######.....b.# ##
#.....@.##############.
#######.#...........[..
#.#.###########..
#.#...# #.. #.###.# #.#
#.....# #.. ####### #.#
#.# #.#


You could see a quokka and a bat.

Vanquished Creatures
  A giant cockroach (D:1)
  A hobgoblin (D:1)
  A quokka (D:1)
  2 rats (D:1)
5 creatures vanquished.

Notes
Turn   | Place    | Note
-------+----------+-------------------------------------------
     0 | D:1      | Ivernyr the Spriggan Arcane Marksman began the quest for
                  | the Orb.
     0 | D:1      | Reached XP level 1. HP: 9/9 MP: 3/3
   204 | D:1      | Slain by a bat

Illustrated notes

Levels and vault maps discovered:
D:1:      lightli_arrival_farm, layout_basic, serial_glass, glass_columns_c,
          glass_columns_b, shapermc_ecumenical_altar_petra, st_stairs_1

Action                   || total
-------------------------++-------
 Fire: Sling             ||    17
 Cast: Slow              ||     4
Armor: Robe              ||     3
Dodge: Dodged            ||    23
